 Dungeon Crawl Stone Soup version 0.31-a0-986-g5e6e4ef867 (webtiles) character file.

Game seed: 16088955475740087767

17193 p00ps00p the Cleaver (level 12, -1/110 (113) HPs)
             Began as a Hill Orc Fighter on Nov 11, 2023.
             Was an Initiate of Gozag.
             Slain by a +3 spectral giant spiked club (24 damage)
             ... created by Erolcha
             ... while paralysed by an orc sorcerer
             ... on level 2 of the Orcish Mines.
             The game lasted 00:23:16 (15636 turns).

p00ps00p the Cleaver (Hill Orc Fighter)            Turns: 15636, Time: 00:23:16

HP:   -1/110 (113)  AC: 28    Str: 30    XL:     12   Next: 45%
MP:   12/12         EV:  2    Int:  8    God:    Gozag
Gold: 331           SH:  0    Dex: 10    Spells: 11/11 levels left

rFire   . . .        a - +0 war axe (elec)
rCold   + + +        A - +0 kite shield
rNeg    . . .        j - +2 plate armour {rC+}
rPois   .            s - +0 helmet
rElec   .            i - +0 cloak {Stlth+}
rCorr   .            x - +0 pair of gloves
SInv    .            c - +1 pair of boots {rampage}
Will    .....        D - amulet "Terodum" {Reflect rC++ SH+5} Stlth
                     m - +6 ring of strength
HPRegen 0.38/turn    C - ring of Roakk {rC+ AC+4}
MPRegen 0.13/turn

%: reflection, rampage
@: paralysed, lightly drained
A: no striking features
a: Renounce Religion, Potion Petition, Call Merchant, Bribe Branch


You were on level 2 of the Orcish Mines.
You worshipped Gozag.
Gozag was aware of your devotion.
You visited 3 branches of the dungeon, and saw 13 of its levels.

You collected 4469 gold pieces.
You spent 847 gold pieces at shops.
You paid 3291 gold pieces to Gozag.

Inventory:

Hand Weapons
 a - a +0 war axe of electrocution (weapon)
 d - a +0 broad axe
 k - a +1 hand axe of freezing
 y - a +1 whip of flaming
Missiles
 g - 22 poisoned darts
Armour
 c - a +1 pair of boots of rampaging (worn)
 i - a +0 cloak of stealth (worn)
 j - a +2 plate armour of cold resistance (worn)
 n - a +0 chain mail
 s - a +0 helmet (worn)
 x - a +0 pair of gloves (worn)
 A - a +0 kite shield (worn)
Jewellery
 h - a ring of flight
 m - a +6 ring of strength (left hand)
 C - the ring of Roakk (right hand) {rC+ AC+4}
   (You bought it in a shop on level 10 of the Dungeon)

   [ring of protection]

   AC+4:      It affects your AC (+4).
   rC+:       It protects you from cold.
 D - the amulet "Terodum" (around neck) {Reflect rC++ SH+5}
   (You acquired it on level 10 of the Dungeon)

   [amulet of reflection]

   Reflect:   It reflects blocked missile attacks.
   rC++:      It greatly protects you from cold.
   SH+5:      It affects your SH (+5).
Wands
 l - a wand of paralysis (15)
 r - a wand of digging (4)
 u - a wand of polymorph (4)
 w - a wand of roots (12)
 B - a wand of flame (9)
Scrolls
 b - 7 scrolls of identify
 e - 4 scrolls of teleportation
 f - a scroll of immolation
Potions
 t - a potion of mutation
 v - 2 potions of lignification
 z - a potion of enlightenment


   Skills:
 + Level 12.5 Fighting
 + Level 13.3 Axes
 + Level 11.6 Armour
 + Level 11.5 Shields


You had 11 spell levels left.
You didn't know any spells.
Your spell library contained the following spells:

 Spells                   Type           Power      Damage    Failure   Level
 Apportation              Tloc           0%         N/A       99%         1
 Sandblast                Erth           0%         2d4       99%         1
 Summon Small Mammal      Summ           0%         N/A       99%         1
 Blink                    Tloc           0%         N/A       100%        2
 Jinxbite                 Hex            0%         N/A       100%        2
 Lesser Beckoning         Tloc           0%         N/A       100%        2
 Momentum Strike          Conj/Tloc      0%         3d8       100%        2
 Passwall                 Tmut/Erth      0%         N/A       100%        2
 Call Canine Familiar     Summ           0%         N/A       100%        3
 Gell's Gravitas          Tloc           0%         N/A       100%        3
 Stone Arrow              Conj/Erth      0%         3d7       100%        3
 Summon Guardian Golem    Hex/Summ       0%         N/A       100%        3
 Teleport Other           Tloc           0%         N/A       100%        3
 Brom's Barrelling Bould  Conj/Erth      0%         2d3       100%        4
 Alistair's Intoxication  Tmut/Pois      0%         N/A       100%        5
 Dispersal                Tloc           0%         N/A       100%        6
 Malign Gateway           Summ/Tloc      0%         N/A       100%        7
 Summon Horrible Things   Summ           0%         N/A       100%        8


Dungeon Overview and Level Annotations

Branches:
Dungeon (10/15)            Temple (1/1) D:5             Orc (2/2) D:10
    Elf (0/3) Orc:2
   Lair: D:8-11

Altars:
Ashenzari
Cheibriados
Dithmenos
Elyvilon
Fedhas
Gozag
Hepliaklqana
Kikubaaqudgha
Makhleb
Nemelex Xobeh
Okawaru
Qazlal
Ru
Sif Muna
Trog
Uskayaw
Vehumet
Wu Jian
Xom
Yredelemnul
Zin
The Shining One
Beogh

Shops:
D:7 :   D:10 [=   Orc:1 =([[:!   Orc:2 *

Annotations:
D:9 1 runed translucent door
Orc:2 Erolcha


Message History

Something tries to affect you, but you resist.
You closely miss the +3 spectral giant spiked club.
You closely miss something.
The +3 spectral giant spiked club disappears.
Something hits you.
You block the +3 spectral giant spiked club's attack.
The orc sorcerer points at you and mumbles some strange words.
The bolt of negative energy hits you!
You feel drained.
A +3 spectral giant spiked club comes into view.
You slash the +3 spectral giant spiked club!
The +3 spectral giant spiked club is moderately damaged.
You slash something! Lightning courses through something! Something hits you!!
You block the +3 spectral giant spiked club's attack.
The orc sorcerer's eyes start to glow.
The orc sorcerer points at you and mumbles some strange words.
You resist with some effort.
You barely miss something.
You miss the +3 spectral giant spiked club.
You slash something!
You hit the +3 spectral giant spiked club but do no damage.
You block the +3 spectral giant spiked club's attack.
The orc sorcerer gestures wildly while chanting.
Something hits you.
The +3 spectral giant spiked club hits you but does no damage.
Something unexpectedly blocks you, preventing you from rampaging!
You closely miss something.
You barely miss the +3 spectral giant spiked club.
Something unexpectedly blocks you, preventing you from rampaging!
You closely miss something.
You hit the +3 spectral giant spiked club.
You hit the orc sorcerer but do no damage.
Lightning courses through the orc sorcerer!
Something hits you!!
* * * LOW HITPOINT WARNING * * *
You block the +3 spectral giant spiked club's attack.
The orc sorcerer gestures at you while chanting.
You suddenly lose the ability to move!
The +3 spectral giant spiked club hits you!!
You die...
Your body crumbles into a pile of gold.

##### ##############
.##....####....#...#..##
........................
......(.................
.....4{@................
##....o.................
#......................
........................
.........$..............
........................
........................
............... . ..


You could see an ice devil (summoned), an orc sorcerer and a +3 spectral giant
spiked club.

Vanquished Creatures
  An orc warlord (Orc:2)
  Josephine (D:10)
  4 two-headed ogres
  Nergalle (D:10)
  2 orc knights
  2 orc sorcerers (Orc:2)
  Joseph (D:10)
  3 trolls
  A hornet (D:7)
  Sigmund (D:5)
  16 yaks
  3 wraiths (D:10)
  3 wargs
  An acid dragon (D:8)
  2 water moccasins
  An ice beast (D:6)
  21 orc warriors
  2 black bears
  6 ogres
  8 centaurs
  A phantom (D:5)
  2 kobold brigands
  4 bullfrogs
  A gnoll sergeant (D:8)
  3 scorpions
  12 wights
  3 hounds
  2 jellies
  14 orc priests
  A gnoll bouda (D:4)
  3 iguanas
  17 orc wizards
  11 gnolls
  12 adders
  A white imp (D:5)
  4 worms
  3 dart slugs
  57 orcs
  3 bats
  6 endoplasms
  3 giant cockroaches
  12 goblins
  7 hobgoblins
  10 kobolds
  4 quokkas
  14 ball pythons
  6 frilled lizards
  5 rats
301 creatures vanquished.

Vanquished Creatures (others)
  Nessos (Orc:2)
1 creature vanquished.

Grand Total: 302 creatures vanquished

Notes
Turn   | Place    | Note
-------+----------+-------------------------------------------
     0 | D:1      | p00ps00p the Hill Orc Fighter began the quest for the Orb.
     0 | D:1      | Reached XP level 1. HP: 19/19 MP: 1/1
   104 | D:1      | Reached skill level 3 in Axes
   104 | D:1      | Reached XP level 2. HP: 27/27 MP: 2/2
  1167 | D:2      | Reached XP level 3. HP: 33/33 MP: 3/3
  1917 | D:3      | Found a radiant altar of Vehumet.
  1957 | D:3      | Reached XP level 4. HP: 40/41 MP: 4/4
  2269 | D:3      | Reached skill level 4 in Axes
  2269 | D:3      | Reached XP level 5. HP: 47/47 MP: 5/5
  2347 | D:3      | Found a sacrificial altar of Ru.
  2543 | D:3      | Found a bloodstained altar of Trog.
  3058 | D:4      | Reached skill level 5 in Fighting
  3058 | D:4      | Reached XP level 6. HP: 50/56 MP: 6/6
  3354 | D:4      | Found an ornate altar of the Wu Jian Council.
  3682 | D:4      | Reached skill level 5 in Axes
  3687 | D:4      | Reached skill level 5 in Armour
  3824 | D:4      | Found an ancient bone altar of Kikubaaqudgha.
  3882 | D:5      | Entered Level 5 of the Dungeon
  3906 | D:5      | Noticed Sigmund
  3922 | D:5      | Killed Sigmund
  3923 | D:5      | Reached skill level 5 in Shields
  3923 | D:5      | Reached XP level 7. HP: 42/62 MP: 7/7
  4089 | D:5      | Reached skill level 6 in Axes
  4180 | D:5      | Reached XP level 8. HP: 71/71 MP: 8/8
  4557 | D:5      | Found a shadowy altar of Dithmenos.
  4687 | D:5      | Found a staircase to the Ecumenical Temple.
  4711 | Temple   | Entered the Ecumenical Temple
  4727 | Temple   | Became a worshipper of Gozag Ym Sagoz the Greedy
  4816 | D:6      | Reached skill level 7 in Axes
  4874 | D:6      | Found a glowing golden altar of the Shining One.
  5240 | D:6      | Found a glowing silver altar of Zin.
  5535 | D:6      | Reached XP level 9. HP: 79/79 MP: 9/9
  5801 | D:6      | Reached skill level 8 in Axes
  6268 | D:7      | Noticed a hornet
  6277 | D:7      | Killed a hornet
  6439 | D:7      | Found Digess's Tiny Tomes.
  6863 | D:8      | Found a broken altar of Ashenzari.
  6989 | D:8      | Reached skill level 9 in Axes
  7007 | D:8      | Reached XP level 10. HP: 53/91 MP: 10/10
  8085 | D:8      | Noticed a two-headed ogre
  8093 | D:8      | Killed a two-headed ogre
  8094 | D:8      | Reached skill level 10 in Axes
  8519 | D:9      | Found a runed translucent door.
  8539 | D:9      | Found a burning altar of Makhleb.
  8539 | D:9      | Noticed a sixfirhy
  8961 | D:9      | Noticed a two-headed ogre
  8966 | D:9      | Killed a two-headed ogre
  8967 | D:9      | Reached skill level 10 in Fighting
  9033 | D:9      | Reached skill level 11 in Axes
  9110 | D:9      | Reached XP level 11. HP: 94/101 MP: 11/11
  9660 | D:10     | Entered Level 10 of the Dungeon
  9684 | D:10     | Found a staircase to the Orcish Mines.
  9729 | D:10     | Noticed a two-headed ogre
  9732 | D:10     | Noticed Joseph
  9738 | D:10     | Killed a two-headed ogre
  9739 | D:10     | Reached skill level 10 in Armour
  9758 | D:10     | Killed Joseph
  9759 | D:10     | Reached skill level 10 in Shields
 10220 | D:10     | Noticed a two-headed ogre
 10227 | D:10     | Killed a two-headed ogre
 10494 | D:10     | Noticed Josephine
 10773 | D:10     | Reached skill level 12 in Axes
 10773 | D:10     | Killed Josephine
 10820 | D:10     | Noticed Nergalle
 10829 | D:10     | Killed Nergalle
 10877 | D:10     | Identified 3 scrolls of acquirement
 10877 | D:10     | Acquired the amulet "Terodum" {Reflect rC++ SH+5}
 10889 | D:10     | Acquired 888 gold pieces
 10891 | D:10     | Acquired 1074 gold pieces
 10895 | D:10     | Bought the ring of Roakk {rC+ AC+4} for 600 gold pieces
 10936 | Orc:1    | Entered Level 1 of the Orcish Mines
 10936 | Orc:1    | Found Epupsi Seona's Book Shoppe.
 11279 | Orc:1    | Found Totoaw's Armour Shop.
 11303 | Orc:1    | Found Jirayxul's Distillery.
 11737 | Orc:2    | Entered Level 2 of the Orcish Mines
 11764 | Orc:2    | Found a staircase to the Elven Halls.
 11848 | Orc:2    | Noticed an orc knight
 11877 | Orc:1    | Found Syhakewa's Antique Weapon Boutique.
 11994 | Orc:1    | Found Kiudet's Antique Armour Emporium.
 12045 | Orc:1    | Bought a pair of runed boots for 247 gold pieces
 12268 | Orc:2    | Reached XP level 12. HP: 92/112 MP: 12/12
 12814 | Orc:2    | Noticed an orc warlord
 12815 | Orc:2    | Reached skill level 13 in Axes
 12817 | Orc:2    | Found a roughly hewn altar of Beogh.
 14410 | Orc:1    | HP: 3/113 [orc wizard/puff of flame[an orc warlord] (9)]
 14825 | Orc:2    | Killed an orc warlord
 14956 | Orc:2    | Noticed an orc high priest
 14961 | Orc:2    | Noticed a sun demon
 14961 | Orc:2    | Noticed a soul eater
 14965 | Orc:2    | Noticed Nessos
 14968 | Orc:2    | Found Qetiecurph's General Store.
 14998 | Orc:2    | HP: 4/113 [poisoned by Nessos]
 14998 | Orc:2    | Killed Nessos
 15623 | Orc:2    | Noticed Erolcha
 15635 | Orc:2    | Paralysed by an orc sorcerer for 2 turns
 15636 | Orc:2    | Slain by a +3 spectral giant spiked club

Illustrated notes

Levels and vault maps discovered:
D:1:      wander_arrival_fairy_ring, layout_basic
D:2:      layout_basic, small_statue_intersection
D:3:      layout_basic, vehumet_crystals, nicolae_ru_the_path_less_chosen,
          lightli_temple_of_fire, nicolae_eternal_life, minmay_snake_closets
D:4:      nicolae_BIG_FREAKIN_CUBE, layout_loops_ring, lemuel_tele_altar,
          mainiacjoe_overflow_24_doors, ebering_dispersal_statue_hall
D:5:      layout_loops_ring, lemuel_coloured_pillars_altar,
          minmay_temple_entry_nine_rooms, uniq_sigmund
D:6:      layout_cave_pods, old_standard_altar, nicolae_overflow_crystal_walls
D:7:      layout_loops_ring, nicolae_shop_i_like_small_books_too, hex_large
D:8:      layout_gridville, mainiacjoe_overflow_boulevard
D:9:      layout_loops_ring, nzn_makhleb_speed_demon, serial_co_window_serial,
          co_window_corner_a, co_window_paths_a, co_window_corner_a,
          co_window_paths_a, co_window_paths_b, co_window_cross_2,
          co_window_broadway_c, co_window_corner_b, co_window_2corner,
          co_window_broadway_a, glass_columns_b, glass_columns_a,
          glass_columns_b, glass_columns_a, glass_columns_b
D:10:     layout_irregular_city, erik_orc_4, uniq_josephine, uniq_nergalle,
          uniq_joseph
Temple:   nicolae_temple_bog_church
Orc:1:    layout_caves, serial_shops, nicolae_diamond_shop, shop,
          nicolae_shop_tiny_statue_garden, shop, shop
Orc:2:    grunt_orc_cross, layout_caves, uniq_erolcha, uniq_nessos

Skill      XL: |  1  2  3  4  5  6  7  8  9 10 11 12 |
---------------+-------------------------------------+-----
Axes           | 3 4 5 6 7 9 11 12 13 | 13.3
Fighting       | 4 5 6 7 9 10 11 12 | 12.5
Armour         | 4 5 6 8 9 11 | 11.6
Shields        | 4 5 6 8 9 10 11 | 11.5

Action                     |  1- 3 |  4- 6 |  7- 9 | 10-12 || total
---------------------------+-------+-------+-------+-------++-------
  Melee: War axe           |    58 |       |       |   389 ||   447
         Hand axe          |    40 |   206 |   301 |    67 ||   614
 Invoke: Potion Petition   |       |       |     1 |     1 ||     2
         Call Merchant     |       |       |       |     3 ||     3
  Evoke: Wand              |       |       |       |     1 ||     1
    Use: Scroll            |     4 |     3 |     7 |    10 ||    24
         Potion            |       |     2 |     7 |     3 ||    12
   Stab: Distracted        |       |       |       |     2 ||     2
 Armour: Scale mail        |    56 |       |       |       ||    56
         Chain mail        |     9 |   138 |   226 |   357 ||   730
         Plate armour      |       |       |       |    26 ||    26
  Dodge: Dodged            |    41 |    87 |   119 |   125 ||   372
  Block: Buckler           |    13 |    42 |    75 |    32 ||   162
         Kite shield       |       |       |       |   224 ||   224
         Reflection        |       |       |       |    44 ||    44

Table legend: (Time is in decaauts)
 A = Elapsed time spent in this place.
 B = Non-inter-level travel time spent in this place.
 C = Inter-level travel time spent in this place.
 D = Time resting spent in this place.
 E = Time spent auto-exploring this place.
 F = Levels seen in this place.
 G = Mean time per level.
                   A        B        C        D        E       F      G
               +--------+--------+--------+--------+--------+-----+--------+
         Total |  15650 |  15193 |    457 |   5220 |   7438 |  13 | 1203.8 |
       Dungeon |  11215 |  10820 |    395 |   2248 |   6655 |  10 | 1121.5 |
        Temple |     32 |      1 |     31 |      0 |      0 |   1 |   32.0 |
  Orcish Mines |   4401 |   4370 |     31 |   2972 |    783 |   2 | 2200.5 |
               +--------+--------+--------+--------+--------+-----+--------+

Top non-repeatable levels by time:
   Orc:1: 3158 daAuts
     D:8: 1743 daAuts
    D:10: 1579 daAuts
     D:6: 1295 daAuts
   Orc:2: 1243 daAuts
     D:1: 1182 daAuts
     D:3: 1149 daAuts
     D:9: 1072 daAuts
     D:5: 886 daAuts
     D:4: 862 daAuts
     D:2: 734 daAuts
     D:7: 710 daAuts
  Temple: 32 daAuts
